AoeStats
← Zaissi

Arena

510323245Analyzed
4v4 RM · 1d ago on Sep 30, 2026· 52m 26s· 8 players
Game mode
Random Map
Map size
Large (8 player)
Population
200
Speed
Normal
Resources
Standard
Victory
Conquest
Starting age
Dark Age
Ending age
Imperial Age
RankedLock teamsTeams togetherTeam positionsShared explorationLock speedFull tech treeHidden civsTurbo modeCheats
Victory
Defeat
🇵🇱 Berbers · Poland
1604
+12
🇪🇸 Burmese · Spain
1590
+12
🇨🇳 Malians · China
1554
+14
🇷🇺 Vikings · Russia
1417
+19
🇹🇷 Britons · Türkiye
1522
-15
🇳🇱 Inca · Netherlands
1516
-15
🇫🇮 Goths · Finland
1501
-14
🇫🇷 Teutons · France
1460
-13
Zaissi
8:26 Loom
10:22 Feudal Age
10:30 Feudal Age
12:34 Double-Bit Axe
15:36 Castle Age
20:59 Loom
21:34 Town Watch
22:47 Wheelbarrow
26:29 Bow Saw
29:33 Imperial Age
27:44 Stone Mining
27:35 Horse Collar
27:45 Gold Mining
28:40 Fletching
29:27 Ballistics
29:55 Bodkin Arrow
29:21 Elite Skirmisher
30:44 Padded Archer Armor
31:22 Bracer
32:23 Chemistry
32:15 Leather Archer Armor
32:46 Pikeman
33:26 Squires
33:27 Scale Mail Armor
33:37 Forging
33:59 Halberdier
Daniel Chassagnez
5:11 Loom
10:41 Feudal Age
15:00 Castle Age
12:47 Double-Bit Axe
12:44 Horse Collar
16:08 Bow Saw
16:56 Heavy Plow
22:03 Wheelbarrow
23:15 Gold Mining
23:46 Hand Cart
24:15 Stone Mining
27:58 Imperial Age
26:00 Scale Barding Armor
26:06 Forging
27:25 Chain Barding Armor
28:16 Iron Casting
28:18 Bloodlines
28:14 Cavalier
29:35 Plate Barding Armor
31:57 Town Watch
34:46 Paladin
36:55 Chemistry
36:10 Masonry
37:08 Fletching
38:22 Blast Furnace
40:02 Stone Shaft Mining
42:32 Town Patrol
42:41 Bodkin Arrow
43:25 Ballistics
43:11 Siege Engineers
Dani_AOE2
11:16 Feudal Age
12:41 Double-Bit Axe
12:36 Horse Collar
15:28 Castle Age
13:33 Gold Mining
16:32 Heavy Plow
16:46 Bow Saw
20:50 Loom
22:01 Wheelbarrow
21:42 Stone Mining
22:48 Scale Mail Armor
22:58 Forging
24:20 Chain Mail Armor
24:29 Squires
25:41 Forging
30:27 Imperial Age
29:21 Iron Casting
29:27 Hand Cart
30:10 Fletching
30:35 Elite Kamayuk
31:26 Elite Skirmisher
32:33 Conscription
33:31 Arson
34:18 Ballistics
35:30 Fabric Shields
35:46 Fabric Shields
36:22 Hoardings
36:58 Andean Sling
39:51 Chemistry
39:37 Bodkin Arrow
39:42 Padded Archer Armor
41:15 Bracer
41:50 Leather Archer Armor
42:11 Plate Mail Armor
43:05 Thumb Ring
42:53 Town Watch
44:18 Ring Archer Armor
45:17 Blast Furnace
45:14 Masonry
46:22 Siege Engineers
46:29 Caravan
vela
10:27 Feudal Age
14:33 Castle Age
12:35 Double-Bit Axe
12:43 Fletching
13:52 Loom
14:36 Horse Collar
15:45 Bow Saw
18:53 Bodkin Arrow
20:08 Gold Mining
30:40 Imperial Age
30:56 Ballistics
31:53 Conscription
31:40 Bracer
31:51 Siphons
32:56 Chemistry
31:55 Crossbowman
33:56 Wheelbarrow
33:25 Arbalester
35:02 Padded Archer Armor
36:23 Leather Archer Armor
37:52 Scale Mail Armor
38:23 Ring Archer Armor
38:30 Forging
39:37 Yeomen
38:47 Pikeman
39:27 Squires
39:35 Gambesons
40:16 Heavy Plow
40:53 Gold Shaft Mining
40:08 Stone Mining
40:37 Elite Skirmisher
41:34 Chain Mail Armor
41:10 Halberdier
43:20 Plate Mail Armor
45:01 Iron Casting
45:59 Two-Man Saw
45:19 Arson
46:45 Blast Furnace
46:19 Hand Cart
45:50 Town Watch
46:18 Masonry
45:38 Capped Ram
47:21 Coinage
46:52 Caravan
48:35 Onager
50:45 Town Patrol
50:54 Siege Engineers
50:30 Treadmill Crane
ForeveR
10:26 Feudal Age
14:06 Castle Age
11:54 Double-Bit Axe
12:22 Horse Collar
15:05 Heavy Plow
17:30 Bow Saw
19:20 Wheelbarrow
22:16 Gold Mining
22:26 Loom
23:04 Stone Mining
24:49 Scale Barding Armor
25:55 Chain Barding Armor
25:47 Bloodlines
31:28 Imperial Age
29:14 Fletching
30:06 Ballistics
29:57 Masonry
30:22 Hand Cart
29:52 Town Watch
31:01 Stone Shaft Mining
31:09 Gold Shaft Mining
30:45 Husbandry
30:53 Bodkin Arrow
31:20 Padded Archer Armor
31:32 Kasbah
32:18 Bracer
33:20 Chemistry
32:35 Thumb Ring
33:06 Conscription
32:55 Murder Holes
33:40 Leather Archer Armor
33:12 Elite Camel Archer
34:58 Ring Archer Armor
37:29 Light Cavalry
38:45 Plate Barding Armor
38:20 Forging
38:34 Hussar
42:24 Iron Casting
44:11 Blast Furnace
46:08 Hoardings
45:47 Maghrebi Camels
47:07 Crop Rotation
49:22 Siege Engineers
milarreach
9:53 Feudal Age
13:35 Castle Age
11:27 Horse Collar
14:25 Heavy Plow
17:33 Stone Mining
22:52 Fletching
23:47 Masonry
24:30 Wheelbarrow
23:40 Loom
23:41 Town Watch
24:51 Fletching
25:50 Gold Mining
29:33 Imperial Age
27:55 Scale Barding Armor
28:13 Masonry
28:42 Forging
29:01 Chain Barding Armor
29:06 Hand Cart
30:04 Iron Casting
31:18 Chemistry
30:33 Husbandry
30:44 Bloodlines
32:02 Plate Barding Armor
32:06 Architecture
33:08 Blast Furnace
33:07 Conscription
32:49 Howdah
33:19 Fortified Wall
32:56 Elite Battle Elephant
36:10 Light Cavalry
37:18 Manipur Cavalry
37:48 Hussar
38:51 Treadmill Crane
42:21 Caravan
42:52 Coinage
44:22 Bodkin Arrow
43:51 Heavy Scorpion
45:45 Siege Engineers
47:53 Capped Ram
50:16 Ballistics
奥德修斯
10:55 Feudal Age
14:25 Castle Age
12:12 Double-Bit Axe
12:22 Horse Collar
15:25 Bow Saw
15:16 Heavy Plow
20:12 Wheelbarrow
20:57 Gold Mining
22:51 Gold Shaft Mining
22:45 Hand Cart
23:41 Town Watch
26:46 Imperial Age
24:18 Stone Mining
25:47 Loom
26:39 Scale Barding Armor
26:45 Forging
27:28 Stone Shaft Mining
27:57 Conscription
28:16 Crop Rotation
28:19 Farimba
28:27 Husbandry
28:37 Bloodlines
28:49 Chain Barding Armor
29:05 Iron Casting
28:22 Cavalier
30:15 Plate Barding Armor
30:53 Chemistry
30:33 Guilds
32:14 Farimba
32:33 Fletching
33:16 Heavy Camel Rider
36:35 Bodkin Arrow
37:05 Ballistics
37:00 Light Cavalry
41:28 Masonry
41:14 Murder Holes
42:00 Hoardings
42:17 Caravan
42:48 Coinage
47:47 Banking
50:18 Sappers
lidyaqu
10:24 Feudal Age
14:30 Castle Age
13:05 Double-Bit Axe
13:08 Horse Collar
15:49 Bow Saw
21:32 Heavy Plow
26:57 Imperial Age
24:51 Stone Mining
24:56 Gold Mining
25:05 Crossbowman
25:58 Fletching
26:09 Padded Archer Armor
26:32 Ballistics
27:29 Gold Shaft Mining
27:03 Arbalester
27:42 Bodkin Arrow
28:16 Town Watch
28:17 Loom
28:50 Bracer
30:38 Chemistry
29:57 Town Patrol
32:02 Bogsveigar
34:03 Conscription
35:03 Leather Archer Armor
40:17 Hoardings
41:27 Hoardings
41:20 Siege Engineers
41:11 Murder Holes
44:25 Coinage
49:56 Banking
51:11 Elite Varangian Guard
Connection lost

Rejoining the realm…

Still unreachable

The connection could not be restored.

Session expired

The server has moved on; the page needs a fresh start.